 Dungeon Crawl Stone Soup version 0.26-a0-712-ga5a9c9c9d0 (webtiles) character file.

Game seed: 9073373390837952891

501 ANON1729 the Charlatan (level 6, -1/56 HPs)
             Began as a Deep Dwarf Wanderer on Oct 31, 2020.
             Shot with an arrow by a centaur (6 damage)
             ... on level 5 of the Dungeon.
             The game lasted 00:04:14 (2075 turns).

ANON1729 the Charlatan (Deep Dwarf Wanderer)        Turns: 2075, Time: 00:04:15

Health: -1/56      AC:  2    Str: 16    XL:     6   Next: 95%
Magic:  5/5        EV: 15    Int: 10    God:
Gold:   145        SH:  0    Dex: 12    Spells: 5/5 levels left

rFire    . . .     SeeInvis .   a - +0 hand crossbow
rCold    . . .     Faith    .   (no shield)
rNeg     . . .     Spirit   .   e - +0 robe
rPois    .         Reflect  .   (no helmet)
rElec    .         Harm     .   (no cloak)
rCorr    .         Rampage  .   (no gloves)
MR       .....                  (no boots)
Stlth    +++.......             (no amulet)
HPRegen  0.00/turn              g - -4 ring of intelligence (curse)
MPRegen  0.09/turn              j - +4 ring of evasion

@: non-regenerating
A: damage resistance, heal wounds, sense surroundings 1, no regeneration
a: Heal Wounds


You were on level 5 of the Dungeon.
You visited 1 branch of the dungeon, and saw 5 of its levels.

You collected 145 gold pieces.

Inventory:

Hand Weapons
 a - a +0 hand crossbow (weapon)
Missiles
 d - 38 bolts (quivered)
Armour
 e - a +0 robe (worn)
Jewellery
 g - a cursed -4 ring of intelligence (left hand)
 j - a +4 ring of evasion (right hand)
 q - an uncursed amulet of the acrobat {unknown}
Wands
 c - a wand of flame (15)
Scrolls
 h - a scroll of fear {unknown}
 i - 2 scrolls of identify {unknown}
 k - a scroll of magic mapping {unknown}
 l - a scroll of amnesia {unknown}
 n - a scroll of teleportation {unknown}
 o - a scroll of remove curse {unknown}
Potions
 b - 3 potions of curing
 f - a potion of stabbing {unknown}
 m - a potion of mutation {unknown}
 p - a potion of lignification {unknown}


   Skills:
 + Level 3.3 Fighting
   Level 1.7 Polearms
 + Level 4.2 Crossbows
 + Level 3.5 Armour
 + Level 4.3 Stealth
 + Level 4.9 Evocations


You had 5 spell levels left.
You didn't know any spells.
Your spell library was empty.

Dungeon Overview and Level Annotations

Branches:
Dungeon (5/15)             Temple (0/1) D:4

Altars:
Ru


Innate Abilities, Weirdness & Mutations

You are resistant to damage.
You can heal yourself by infusing magical energy.
You passively map a small area around you.
You do not regenerate.


Message History

You now have 127 gold pieces (gained 5).
You open the door.
There is an open door here.
You now have 145 gold pieces (gained 18).
You open the door.
There is an open door here.
A centaur comes into view.
A centaur is nearby!
Firing (i - inventory)
d - 39 bolts (quivered)
Press: ? - help, Shift-Dir - straight line, f - centaur
Aim: a centaur, quivering 15 arrows (asleep)
You shoot a bolt. The bolt hits the centaur!
The centaur shouts!
The centaur is severely wounded.
The centaur wields a +0 shortbow.
The centaur shoots an arrow.
The arrow hits you!
* * * LOW HITPOINT WARNING * * *
A leopard gecko comes into view.
The centaur shoots an arrow.
The arrow hits you!
You die...

#...## *
#....
#....#
#....
#....#
#.... ,
#....#
#.... * *
* *#....#
#.... , .,
, *##'###
#.... ,
c.. * #.#
* #....
l....###.#
, #.... ,
+ #....@.#
, ###....
, #.######
#...... *
,+ #......
, , * ,
#...... *
* *
#...... *
#...... *,
* *
#...... ,
* #......
,* *
#......


You could see a centaur and a leopard gecko (wandering).

Vanquished Creatures
  Sigmund (D:2)
  3 orc wizards
  Natasha (D:4)
  A howler monkey zombie (D:4)
  Robin (D:2)
  3 gnolls (D:4)
  7 adders
  A shadow imp (D:5)
  2 white imps (D:5)
  2 worms (D:2)
  3 leopard geckos
  8 orcs
  4 giant cockroaches
  16 goblins
  10 hobgoblins
  11 jackals
  2 quokkas
  2 ball pythons
  9 bats
  4 frilled lizards
  5 kobolds
  A leopard gecko skeleton (D:5)
  5 rats
102 creatures vanquished.

Notes
Turn   | Place    | Note
-------+----------+-------------------------------------------
     0 | D:1      | ANON1729 the Deep Dwarf Wanderer began the quest for the
                  | Orb.
     0 | D:1      | ANON1729 set off with the following items: a +0 hand
                  | crossbow, a potion of curing, a wand of flame (15), 26
                  | bolts, a +0 robe
     0 | D:1      | Reached XP level 1. HP: 19/19 MP: 1/1
    57 | D:1      | Reached XP level 2. HP: 24/26 MP: 2/2
   221 | D:1      | Reached XP level 3. HP: 27/32 MP: 3/3
   596 | D:2      | Noticed Sigmund
   601 | D:2      | Killed Sigmund
   601 | D:2      | Reached XP level 4. HP: 34/40 MP: 4/4
   601 | D:2      | Reached XP level 5. HP: 41/48 MP: 5/5
   612 | D:2      | You fall into a shaft and drop 1 floor!
   976 | D:3      | Reached XP level 6. HP: 33/56 MP: 6/6
  1394 | D:2      | Identified the +0 helmet of the Antique Hot Ocelot {Dex+2}
  1394 | D:2      | Noticed Robin
  1410 | D:2      | Killed Robin
  1491 | D:2      | Found a sacrificial altar of Ru.
  1722 | D:4      | Found a staircase to the Ecumenical Temple.
  1784 | D:4      | Noticed Natasha
  1791 | D:4      | Killed Natasha
  1839 | D:5      | Entered Level 5 of the Dungeon
  2075 | D:5      | Shot with an arrow by a centaur

Illustrated notes

Levels and vault maps discovered:
D:1:      moated_graveyard_arrival, layout_rooms
D:2:      layout_rooms, nicolae_ru_the_path_less_chosen, uniq_sigmund,
          uniq_robin
D:3:      layout_loops_ring
D:4:      layout_basic, minmay_temple_entry_large_hall, gammafunk_ghost_split,
          uniq_natasha
D:5:      layout_basic, trog_book

Skill      XL: |  1  2  3  4  5  6 |
---------------+-------------------+-----
Fighting       | 2 3 |  3.3
Evocations     | 3 4 |  4.9
Stealth        | 2 3 4 |  4.3
Armour         | 2 3 |  3.5
Crossbows      | 3 4 |  4.2
Polearms       | |  1.7

Action                   |  1- 3 |  4- 6 || total
-------------------------+-------+-------++-------
 Fire: Hand crossbow     |    84 |   166 ||   250
 Abil: Heal Wounds       |     1 |     2 ||     3
Armor: Robe              |    19 |    13 ||    32
Dodge: Dodged            |    35 |    65 ||   100

Table legend: (Time is in decaauts)
 A = Elapsed time spent in this place.
 B = Non-inter-level travel time spent in this place.
 C = Inter-level travel time spent in this place.
 D = Time resting spent in this place.
 E = Time spent auto-exploring this place.
 F = Levels seen in this place.
 G = Mean time per level.
                   A        B        C        D        E       F      G
               +--------+--------+--------+--------+--------+-----+--------+
         Total |   2157 |   2066 |     91 |      0 |   1521 |   5 |  431.4 |
       Dungeon |   2157 |   2066 |     91 |      0 |   1521 |   5 |  431.4 |
               +--------+--------+--------+--------+--------+-----+--------+

Top non-repeatable levels by time:
     D:3: 644 daAuts
     D:2: 576 daAuts
     D:1: 496 daAuts
     D:5: 241 daAuts
     D:4: 198 daAuts
